 Dungeon Crawl Stone Soup version 0.27.0-1-g7a089689b8 (webtiles) character file.

Game seed: 2299968095498759126

15 Tegumiril the Covered (level 2, -2/27 HPs)
             Began as a Minotaur Fighter on Aug 11, 2021.
             Was an Initiate of Ru.
             Slain by Crazy Yiuf (9 damage)
             ... on level 2 of the Dungeon.
             The game lasted 00:09:12 (1172 turns).

Tegumiril the Covered (Minotaur Fighter)            Turns: 1172, Time: 00:09:12

Health: -2/27      AC:  7    Str: 20    XL:     2   Next: 34%
Magic:  1/1        EV: 12    Int:  5    God:    Ru [......]
Gold:   5          SH:  9    Dex:  9    Spells: 1/1 levels left

rFire    . . .     SeeInvis .   a - +0 war axe
rCold    . . .     Faith    .   c - +0 kite shield
rNeg     . . .     Spirit   .   b - +0 scale mail
rPois    .         Reflect  .   (helmet restricted)
rElec    .         Harm     .   (no cloak)
rCorr    .         Rampage  .   (no gloves)
Will     .....                  (no boots)
Stlth    ..........             (no amulet)
HPRegen  0.09/turn              (no ring)
MPRegen  0.07/turn              (no ring)

@: agile
A: horns 2, retaliatory headbutt
a: Renounce Religion, Sacrifice Stealth, Sacrifice Words, Sacrifice Skill,
Reject Sacrifices


You were on level 2 of the Dungeon.
You worshipped Ru.
Ru was noncommittal.
You visited 1 branch of the dungeon, and saw 2 of its levels.

You collected 5 gold pieces.

Inventory:

Hand Weapons
 a - a +0 war axe (weapon)
 f - a +0 spear
 g - a +0 dagger
 i - a +0 club
 j - a +0 dagger
 k - a +0 short sword
 l - a +0 hand axe
 n - a +0 war axe
Missiles
 m - 8 javelins (quivered)
 o - 20 arrows
Armour
 b - a +0 scale mail (worn)
 c - a +0 kite shield (worn)
 e - a +0 scale mail
 p - a +0 robe
 q - a +0 leather armour
Potions
 d - a potion of might
 h - a potion of attraction {unknown}


   Skills:
 + Level 4.0 Fighting
 + Level 2.5 Axes
 + Level 4.1 Armour
 + Level 3.8 Shields


You had one spell level left.
You didn't know any spells.
Your spell library was empty.

Dungeon Overview and Level Annotations

Branches:
Dungeon (2/15)

Altars:
Ru

Annotations:
D:2 Crazy Yiuf


Innate Abilities, Weirdness & Mutations

You have a pair of horns on your head.
You reflexively headbutt those who attack you in melee.


Message History

A hobgoblin comes into view.
The hobgoblin shouts!
The hobgoblin hits you but does no damage.
You hit the hobgoblin.
You kill the hobgoblin!
There is a stone staircase leading down here.
There is an escape hatch in the ceiling here.
Found a leather armour.
You see here a +0 leather armour.
You see here a +0 leather armour.
q - a +0 leather armour
Found a mace.
Found a runed translucent door.
Crazy Yiuf says, "Line Orb Guardian koolooloo!"
Crazy Yiuf says, "Hack toodlewoodle blue!"
You open the door. You hit Crazy Yiuf.
You headbutt Crazy Yiuf, but do no damage.
Crazy Yiuf is moderately wounded.
Crazy Yiuf hits you but does no damage.
You are poisoned.
You closely miss Crazy Yiuf.
Crazy Yiuf is moderately wounded.
You feel very sick.
Crazy Yiuf hits you with a +4 quarterstaff of chaos.
Crazy Yiuf burns you. You block Crazy Yiuf's attack.
You barely miss Crazy Yiuf.
Crazy Yiuf is moderately wounded.
You feel sick.
Crazy Yiuf hits you with a +4 quarterstaff of chaos!
You feel agile all of a sudden. Crazy Yiuf barely misses you.
You furiously retaliate!
You headbutt Crazy Yiuf. You barely miss Crazy Yiuf.
Your headbutt misses Crazy Yiuf.
Crazy Yiuf is heavily wounded.
You feel sick. You block Crazy Yiuf's attack.
You hit Crazy Yiuf. You headbutt Crazy Yiuf.
Crazy Yiuf is almost dead.
You feel sick.
You are no longer poisoned.
Crazy Yiuf hits you with a +4 quarterstaff of chaos!
You die...

##..........##
###############......(......
#...........................
#.#################...^....)
#.# #.<....... #.########
#......†.. #.#....#.### ###
#........< #.......#..##...#
#........# #......####@g...#
#......... ##....## ###..)#
##.####### ###### ### ##.###
#....# #.>..# #....# #....#
#....# #....#


You could see Crazy Yiuf.

Vanquished Creatures
  A dart slug (D:1)
  2 giant cockroaches (D:1)
  2 goblins (D:1)
  A hobgoblin (D:2)
  A ball python (D:1)
  2 bats (D:1)
  A frilled lizard (D:1)
  A kobold (D:2)
  3 rats
14 creatures vanquished.

Vanquished Creatures (others)
  11 fungi (D:1)
  5 plants (D:1)
16 creatures vanquished.

Grand Total: 30 creatures vanquished

Notes
Turn   | Place    | Note
-------+----------+-------------------------------------------
     0 | D:1      | Tegumiril the Minotaur Fighter began the quest for the Orb.
     0 | D:1      | Reached XP level 1. HP: 19/19 MP: 0/0
   199 | D:1      | Reached XP level 2. HP: 27/27 MP: 1/1
   719 | D:1      | Found a faded altar of an unknown god.
   776 | D:1      | Became a worshipper of Ru the Awakened
  1163 | D:2      | Found a runed translucent door.
  1164 | D:2      | Noticed Crazy Yiuf
  1172 | D:2      | Slain by Crazy Yiuf

Illustrated notes

Levels and vault maps discovered:
D:1:      dpeg_arrival_prison, layout_basic,
          dreamdust_ecumenical_altar_hidden_monk_grotto, serial_glass,
          glass_columns_b, glass_columns_b, glass_columns_b, glass_columns_a,
          glass_columns_c, glass_columns_a, minivault_24
D:2:      layout_rooms, basic_altar, chequers_serial_rivers_small_a,
          uniq_crazy_yiuf_cottage

Skill      XL: |  1  2 |
---------------+-------+-----
Fighting       | 4 |  4.0
Armour         | 4 |  4.1
Axes           | |  2.5
Shields        | |  3.8

Action                   || total
-------------------------++-------
Melee: War axe           ||    72
       Headbutt          ||    29
Armor: Scale mail        ||    15
Dodge: Dodged            ||     8
Block: Kite shield       ||    11
